 Dungeon Crawl Stone Soup version 0.17.1-1-g73c8601 (webtiles) character file.

826 PossumBlood the Skirmisher (level 8, 0/67 HPs)
             Began as a Formicid Fighter on Jan 7, 2016.
             Was a Follower of Makhleb.
             Slain by PossumBlood's ghost (15 damage)
             ... on level 5 of the Dungeon.
             The game lasted 00:11:21 (3128 turns).

PossumBlood the Skirmisher (Formicid Fighter)       Turns: 3128, Time: 00:11:21

Health: 0/67       AC: 10    Str: 28    XL:     8   Next: 17%
Magic:  8/8        EV:  6    Int:  8    God:    Makhleb [*.....]
Gold:   132        SH: 10    Dex: 10    Spells: 0 memorised, 7 levels left

rFire  + . .     SeeInvis +     a - +1 war axe
rCold  . . .     Clarity  .     d - +0 chain mail {rF+}
rNeg   . . .     SustAt   .     c - +0 shield
rPois  .         Gourm    .     (helmet unavailable)
rElec  .         Spirit   .     A - +0 cloak
rCorr  .         Warding  .     (no gloves)
rMut   .         Stasis   +     (no boots)
MR     .....                    (no amulet)
Stlth  ..........               (no ring)
                                z - +5 ring of strength

@: not resistant to hostile enchantments, extremely unstealthy
A: permanent stasis, dig shafts and tunnels, four strong arms, antennae 3
a: Dig, Shaft Self, Renounce Religion


You were on level 5 of the Dungeon.
You worshipped Makhleb.
Makhleb was aware of your devotion.
You were not hungry.

You visited 1 branch of the dungeon, and saw 5 of its levels.

You collected 207 gold pieces.
You spent 75 gold pieces at shops.

Inventory:

Hand Weapons
 a - a +1 war axe (weapon)
Missiles
 w - 2 tomahawks (quivered)
Armour
 b - a +0 scale mail
 c - a +0 shield (worn)
 d - a +0 chain mail of fire resistance (worn)
 i - a storm dragon hide
 A - a +0 cloak (worn)
Jewellery
 z - a +5 ring of strength (left hand)
Scrolls
 j - a scroll of magic mapping
 s - 4 scrolls of remove curse
 t - a scroll of fear
Potions
 g - a potion of flight {unknown}
 h - 2 potions of agility {unknown}
 l - 4 potions of heal wounds {unknown}
 m - a potion of degeneration {unknown}
 p - 2 potions of cancellation {unknown}
 r - 3 potions of poison
Comestibles
 e - 2 bread rations
 f - 2 beef jerkies
 k - 4 meat rations


   Skills:
 - Level 7.1 Fighting
 + Level 6.4 Axes
 + Level 3.8 Armour
 - Level 3.6 Shields


You had 7 spell levels left.
You didn't know any spells.

Dungeon Overview and Level Annotations

Branches:
Dungeon (5/15)
 Temple: D:4-7

Altars:
Cheibriados
Gozag
Kikubaaqudgha
Makhleb
Xom
Yredelemnul

Shops:
D:4 *   D:5 (

Annotations:
D:5 PossumBlood's ghost, novice FoFi


Innate Abilities, Weirdness & Mutations

You are under a permanent stasis effect.
You can dig through walls and to a lower floor.
Your four strong arms can wield two-handed weapons with a shield.
You have a pair of large antennae on your head (SInv).


Message History

You slash PossumBlood's ghost!
PossumBlood's ghost is severely damaged.
You hit the adder.
The adder is almost dead.
You block the adder's attack. PossumBlood's ghost hits you!
* * * LOW HITPOINT WARNING * * *
Drink which item? (? for menu, Esc to quit)
You feel better. You block the adder's attack. PossumBlood's ghost hits you.
* * * LOW HITPOINT WARNING * * *
The adder barely misses you.
Drink which item? (? for menu, Esc to quit)
You feel better. The adder bites you but does no damage.
PossumBlood's ghost hits you!
* * * LOW HITPOINT WARNING * * *
You hit PossumBlood's ghost but do no damage.
PossumBlood's ghost is severely damaged.
You miss the adder.
The adder is almost dead.
The adder completely misses you. PossumBlood's ghost hits you!
You die...

.# .# #. ....... #.##.#
#.#....... ####....#
.......... .......#
#.#....... .......# {
#.#....... .......#
##.#....... .......#
#..†W..(... .......#####
#..@S......
.###.###...###.†........
.# #...'...'............
.#######...#############
.##...##...#
.##.#.##...#
.##.#.##...#
.##.#.##...#
.##.#.##...#


You could see PossumBlood's ghost and an adder.

Vanquished Creatures
  The ghost of Caphalor the Poker, an amateur MfIE of the Shining One (D:4)
  Sigmund (D:3)
  Menkaure (D:4)
  A centaur (D:5)
  A necrophage (D:4)
  An orc priest (D:4)
  Ijyb (D:3)
  A worker ant (D:4)
  An iguana (D:4)
  2 adders
  A gnoll (D:1)
  An adder skeleton (D:4)
  2 worms (D:2)
  A giant gecko (D:5)
  11 orcs
  A ball python (D:5)
  8 bats
  5 giant cockroaches
  4 goblins
  5 hobgoblins
  4 jackals (D:3)
  3 quokkas
  A giant gecko skeleton (D:4)
  6 giant newts
  4 kobolds
  7 rats
  A plant (D:4)
76 creatures vanquished.

Notes
Turn   | Place    | Note
--------------------------------------------------------------
     0 | D:1      | PossumBlood the Formicid Fighter began the quest for the Orb.
     0 | D:1      | Reached XP level 1. HP: 18/18 MP: 1/1
   250 | D:1      | Reached XP level 2. HP: 20/24 MP: 2/2
   336 | D:1      | Reached XP level 3. HP: 22/30 MP: 3/3
   809 | D:2      | Reached skill level 4 in Fighting
   976 | D:2      | Reached XP level 4. HP: 30/37 MP: 4/4
  1018 | D:2      | Found a basalt altar of Yredelemnul.
  1198 | D:2      | Found a snail-covered altar of Cheibriados.
  1257 | D:3      | Found a burning altar of Makhleb.
  1369 | D:3      | Became a worshipper of Makhleb the Destroyer
  1544 | D:3      | Found a shimmering altar of Xom.
  1614 | D:3      | Noticed Ijyb
  1634 | D:3      | Killed Ijyb
  1634 | D:3      | Reached XP level 5. HP: 43/43 MP: 5/5
  1703 | D:3      | Noticed Sigmund
  1711 | D:3      | Killed Sigmund
  1711 | D:3      | Reached skill level 5 in Fighting
  1711 | D:3      | Reached XP level 6. HP: 45/52 MP: 6/6
  1894 | D:3      | Found an opulent altar of Gozag.
  2105 | D:4      | Noticed Menkaure
  2107 | D:4      | Found an ancient bone altar of Kikubaaqudgha.
  2113 | D:4      | Killed Menkaure
  2113 | D:4      | Reached skill level 6 in Fighting
  2113 | D:4      | Reached skill level 5 in Axes
  2113 | D:4      | Reached XP level 7. HP: 29/58 MP: 7/7
  2122 | D:4      | Reached * piety under Makhleb
  2368 | D:4      | Noticed Caphalor's ghost (amateur MfIE)
  2379 | D:4      | Killed Caphalor's ghost
  2466 | D:4      | Found Jaxer's Assorted Antiques.
  2507 | D:4      | Bought a scroll labeled ASUCI CETOSS for 25 gold pieces
  2507 | D:4      | Bought a scroll labeled WATHRE SOEDI for 25 gold pieces
  2507 | D:4      | Bought a scroll labeled FOIQOO CIUN for 25 gold pieces
  2865 | D:4      | Reached skill level 7 in Fighting
  2865 | D:4      | Reached XP level 8. HP: 65/67 MP: 8/8
  3018 | D:5      | Entered Level 5 of the Dungeon
  3021 | D:5      | Found Metinayl's Weapon Boutique.
  3110 | D:5      | Noticed PossumBlood's ghost (novice FoFi)
  3128 | D:5      | Slain by PossumBlood's ghost

Action                   |  1- 3 |  4- 6 |  7- 9 || total
-------------------------+-------+-------+-------++-------
Melee: War axe           |    85 |    74 |    78 ||   237
  Use: Scroll            |       |     9 |     3 ||    12
       Potion            |       |       |     5 ||     5
  Eat: Fruit             |       |     4 |       ||     4
       Chunk             |       |     1 |       ||     1
       Bread ration      |       |       |     1 ||     1
